 Dungeon Crawl Stone Soup version 0.25-a0-85-g7617fd2bc2 (webtiles) character file.

Game seed: 13559611742849461106, levelgen mode: deterministic

1111 MrRokkomies the Jinx (level 8, -1/52 HPs)
             Began as a Vampire Enchanter on Nov 8, 2019.
             Was an Initiate of Dithmenos.
             Slain by an orc
             ... wielding a +1 war axe of electrocution
              (9 damage)
             ... on level 5 of the Dungeon.
             The game lasted 00:08:36 (3753 turns).

MrRokkomies the Jinx (Vampire Enchanter)            Turns: 3753, Time: 00:08:36

Health: -1/52      AC:  4    Str:  7    XL:     8   Next: 11%
Magic:  20/20      EV: 13    Int: 19    God:    Dithmenos [......]
Gold:   275        SH:  0    Dex: 15    Spells: 6/11 levels left

rFire    . . .     SeeInvis +   a - +1 dagger (venom)
rCold    . . .     Gourm    .   (no shield)
rNeg     . . .     Faith    .   B - +0 robe
rPois    .         Spirit   .   A - +0 helmet
rElec    .         Reflect  .   (no cloak)
rCorr    .         Harm     .   (no gloves)
MR       .....                  j - +0 pair of boots
Stlth    ++++......             e - amulet of regeneration
HPRegen  0.77/turn              F - ring of magical power
MPRegen  0.17/turn              y - ring of wizardry

@: regenerating quickly
A: no food, fangs 3, see invisible, unbreathing
a: Exsanguinate, Renounce Religion


You were on level 5 of the Dungeon.
You worshipped Dithmenos.
Dithmenos was noncommittal.
You were alive.

You visited 2 branches of the dungeon, and saw 6 of its levels.

You collected 275 gold pieces.

Inventory:

Hand Weapons
 a - a +1 dagger of venom (weapon)
 b - a +0 hunting sling
Missiles
 m - 16 sling bullets
 n - 120 stones (quivered)
 r - 5 datura-tipped darts
 s - 10 poisoned darts
 x - 3 javelins
Armour
 j - a +0 pair of boots (worn)
 A - a +0 helmet (worn)
 B - a +0 robe (worn)
Magical Staves
 G - an uncursed staff of conjuration
Jewellery
 e - an amulet of regeneration (around neck)
 u - an uncursed ring of protection from magic
 y - a ring of wizardry (right hand)
 z - an uncursed ring of resist corrosion
 E - an uncursed ring of ice
 F - a ring of magical power (left hand)
Scrolls
 c - 4 scrolls of remove curse
 g - a scroll of magic mapping {unknown}
 i - 3 scrolls of amnesia
 p - 4 scrolls of teleportation {unknown}
 q - 3 scrolls of blinking
 v - 2 scrolls of identify {unknown}
 w - a scroll of immolation {unknown}
 C - a scroll of enchant weapon {unknown}
 D - a scroll of enchant armour {unknown}
 H - a scroll of fog {unknown}
Potions
 d - 2 potions of curing
 f - 4 potions of mutation {unknown}
 h - 5 potions of heal wounds {unknown}
 k - a potion of resistance {unknown}
 l - 2 potions of degeneration {unknown}
 o - 2 potions of might {unknown}
 t - 2 potions of ambrosia {unknown}


   Skills:
 * Level 6.6 Short Blades
 - Level 2.1 Dodging
 + Level 8.0 Stealth
 - Level 2.0 Spellcasting
 * Level 9.7 Hexes


You had 6 spell levels left.
You knew the following spells:

 Your Spells              Type           Power        Failure   Level  Hunger
a - Confuse               Hex            #####...     1%          3    N/A
b - Ensorcelled Hibernat  Hex/Ice        ###...       1%          2    N/A

Your spell library contained the following spells:

 Spells                   Type           Power        Failure   Level  Hunger
 Corona                   Hex            #####..      1%          1    N/A
 Tukima's Dance           Hex            #####...     1%          3    N/A
 Dazzling Spray           Conj/Hex       ###...       2%          3    N/A

Dungeon Overview and Level Annotations

Branches:
Dungeon (5/15)             Temple (1/1) D:5

Altars:
Cheibriados
Dithmenos
Elyvilon
Gozag
Hepliaklqana
Kikubaaqudgha
Makhleb
Nemelex Xobeh
Okawaru
Ru
Trog
Uskayaw
Zin


Innate Abilities, Weirdness & Mutations

You do not eat.
Your natural rate of healing is unusually fast.
You have razor-sharp teeth.
You have supernaturally acute eyesight. (SInv)
You can survive without breathing.


Message History

You hit the worker ant but do no damage.
The worker ant is poisoned.
The worker ant is lightly wounded.
The orc hits you with a +0 hand axe. The worker ant bites you.
The worker ant bites you! The worker ant misses you. The orc hits you.
Dithmenos accepts your kill.
Your Stealth skill increases to level 8!
You feel a bit more experienced.
Casting: Ensorcelled Hibernation (safe; 1% risk of failure)
Confirm with . or Enter, or press ? or * to list all spells.
You don't know that spell.
Unknown command.
You barely miss the orc. Your bite misses the orc.
The orc hits you but does no damage.
You are electrocuted!
* * * LOW HITPOINT WARNING * * *
You hit the orc but do no damage.
The orc is poisoned.
The orc hits you with a +1 war axe of electrocution!
You die...

#.....# #...#..........
#.....# ##..##...)......
#.....######.O..†..........
#............Z##....O......
#..........##o#5.##5.......
#....=....###a.O###.5......
#.........# #..## #........
#.....>.<.###5.####.......O
#......[..@ooo.............
###.......###.####?........
#.......# ### . #.......#
#.......# #########


You could see a crimson imp and 3 orcs.

Vanquished Creatures
  Pikel (D:4)
  Menkaure (D:4)
  Edmund (D:4)
  A slave (D:4)
  An ogre (D:4)
  A crimson imp (D:5)
  A hound (D:5)
  A bullfrog skeleton (D:5)
  A worker ant (D:5)
  A worker ant zombie (D:4)
  Robin (D:4)
  6 adders
  4 gnolls (D:3)
  2 oozes
  An adder skeleton (D:4)
  A worm (D:5)
  A dart slug (D:2)
  2 leopard geckos
  5 orcs
  2 ball pythons
  3 giant cockroaches
  13 goblins
  9 hobgoblins
  10 jackals
  7 kobolds
  A quokka (D:2)
  A ball python zombie (D:5)
  7 bats
  5 frilled lizards
  5 rats
96 creatures vanquished.

Notes
Turn   | Place    | Note
-------+----------+-------------------------------------------
     0 | D:1      | MrRokkomies the Vampire Enchanter began the quest for the
                  | Orb.
     0 | D:1      | Reached XP level 1. HP: 13/13 MP: 3/3
   186 | D:1      | Reached XP level 2. HP: 6/19 MP: 5/5
   636 | D:1      | Reached skill level 5 in Hexes
   734 | D:1      | Learned a level 2 spell: Ensorcelled Hibernation
  1099 | D:2      | Reached XP level 3. HP: 22/24 MP: 6/6
  1191 | D:2      | Reached skill level 5 in Stealth
  1214 | D:2      | Found an iron altar of Okawaru.
  1214 | D:2      | Found a faded altar of an unknown god.
  1269 | D:2      | Found a burning altar of Makhleb.
  1271 | D:2      | Found a sparkling altar of Nemelex Xobeh.
  1273 | D:2      | Found a sacrificial altar of Ru.
  1567 | D:2      | Reached XP level 4. HP: 14/30 MP: 2/7
  1619 | D:2      | Learned a level 3 spell: Confuse
  2081 | D:2      | Reached skill level 6 in Hexes
  2428 | D:3      | Reached XP level 5. HP: 34/35 MP: 8/8
  2722 | D:4      | Noticed Robin
  2753 | D:4      | Killed Robin
  2895 | D:4      | Noticed an ogre
  2898 | D:4      | Noticed Menkaure
  2903 | D:4      | Killed an ogre
  2903 | D:4      | Reached skill level 7 in Hexes
  2903 | D:4      | Reached XP level 6. HP: 41/41 MP: 5/9
  2911 | D:4      | Killed Menkaure
  2916 | D:4      | Noticed Edmund
  2975 | D:4      | Killed Edmund
  2975 | D:4      | Reached skill level 5 in Short Blades
  2975 | D:4      | Reached skill level 8 in Hexes
  2975 | D:4      | Reached XP level 7. HP: 19/46 MP: 7/10
  3472 | D:4      | Noticed Pikel
  3488 | D:4      | Killed Pikel
  3488 | D:4      | Reached skill level 9 in Hexes
  3549 | D:5      | Entered Level 5 of the Dungeon
  3593 | D:5      | Reached XP level 8. HP: 52/52 MP: 11/11
  3611 | D:5      | Found a staircase to the Ecumenical Temple.
  3641 | Temple   | Entered the Ecumenical Temple
  3677 | Temple   | Became a worshipper of Dithmenos the Shadowed
  3753 | D:5      | Slain by an orc

Levels and vault maps discovered:
D:1:      roderic_dead_forest, layout_basic
D:2:      layout_loops_ring, chequers_temple_overflow_minitemple
D:3:      layout_basic
D:4:      layout_basic, first_ration, serial_rivers,
          chequers_serial_rivers_large_b, chequers_serial_rivers_micro_c,
          chequers_serial_rivers_room_b, chequers_serial_rivers_room_b,
          uniq_robin, uniq_menkaure, uniq_pikel, uniq_edmund
D:5:      layout_rooms, gammafunk_temple_overflow_elements,
          minmay_temple_entry_statues_fountains
Temple:   jpeg_temple_island

Skill      XL: |  1  2  3  4  5  6  7  8 |
---------------+-------------------------+-----
Short Blades   | 2 3 4 5 6 |  6.6
Hexes          | 5 6 7 8 9 |  9.7
Stealth        | 5 6 7 8 |  8.0
Dodging        | |  2.1
Spellcasting   | |  2.0

Action                   |  1- 3 |  4- 6 |  7- 9 || total
-------------------------+-------+-------+-------++-------
Melee: Dagger            |   161 |   189 |    68 ||   418
       Bite              |    12 |    15 |     4 ||    31
Throw: Javelin           |       |     3 |       ||     3
       Dart              |       |     3 |       ||     3
 Cast: Ensorcelled Hiber |     5 |    12 |     5 ||    22
       Confuse           |       |     5 |       ||     5
  Use: Scroll            |     4 |     1 |       ||     5
       Potion            |       |     1 |       ||     1
 Stab: Sleeping          |     9 |    11 |     7 ||    27
       Confused          |       |     8 |       ||     8
Armor: Robe              |    41 |    32 |    12 ||    85
Dodge: Dodged            |   124 |   110 |    28 ||   262

Table legend:
 A = Non-vault XP
 B = Vault XP
 C = Vault XP percentage of total XP
 D = Non-vault monster count
 E = Vault monster count
 F = Vault count percentage of total count
                 A         B        C        D         E       F
            +---------+---------+-------+---------+---------+-------
      Total |     568 |    1020 |  64.2 |      79 |      16 |  16.8
            +---------+---------+-------+---------+---------+-------
        D:1 |      34 |       0 |   0.0 |      19 |       0 |   0.0
        D:2 |      88 |       0 |   0.0 |      25 |       0 |   0.0
        D:3 |     111 |       0 |   0.0 |      19 |       0 |   0.0
        D:4 |     155 |    1020 |  86.8 |       7 |      16 |  69.6
        D:5 |     180 |       0 |   0.0 |       9 |       0 |   0.0
            +---------+---------+-------+---------+---------+-------
